 Dungeon Crawl Stone Soup version 0.28-a0-622-gbaef9634d7 (webtiles) character file.

Game seed: 376624372741050132

2968 siradein the Skirmisher (level 9, -6/67 HPs)
             Began as a White Draconian Warper on Oct 7, 2021.
             Was a Believer of Hepliaklqana.
             Shot with an arrow by a centaur warrior (10 damage)
             ... on level 9 of the Dungeon.
             The game lasted 00:31:41 (10151 turns).

siradein the Skirmisher (White Draconian Warper)   Turns: 10151, Time: 00:31:43

Health: -6/67      AC:  9    Str: 14    XL:     9   Next: 52%
Magic:  16/16      EV: 13    Int: 16    God:    Hepliaklqana [**....]
Gold:   503        SH:  4    Dex: 11    Spells: 1/17 levels left

rFire   . . .      SeeInvis .   A - +0 long sword (elec)
rCold   + . .      Faith    .   w - +0 buckler
rNeg    . . .      Spirit   .   (armour unavailable)
rPois   .          Reflect  .   (helmet restricted)
rElec   .          Harm     .   z - +0 cloak
rCorr   +          Rampage  .   (no gloves)
Will    .....                   e - +0 pair of boots
Stlth   +.........              (no amulet)
HPRegen 0.21/turn               B - ring of resist corrosion
MPRegen 0.15/turn               (no ring)

@: no status effects
A: reduced essence, breathe frost, AC +7, unfitting armour, cold resistance 1,
cold-blooded
a: Breathe Frost, Renounce Religion, Recall Ancestor, Ancestor Identity


You were on level 9 of the Dungeon.
You worshipped Hepliaklqana.
Hepliaklqana was pleased with you.
You visited 2 branches of the dungeon, and saw 10 of its levels.

You collected 503 gold pieces.

Inventory:

Hand Weapons
 o - a +0 hunting sling
 A - a +0 long sword of electrocution (weapon)
Missiles
 c - 5 boomerangs of dispersal
 i - 29 poisoned darts (quivered)
 m - 314 stones
 u - 2 boomerangs
 v - 9 silver boomerangs
 G - 27 sling bullets
Armour
 e - a +0 pair of boots (worn)
 w - a +0 buckler (worn)
 z - a +0 cloak (worn)
Jewellery
 s - a ring of fire
 B - a ring of resist corrosion (left hand)
 H - a ring of willpower
Wands
 l - a wand of iceblast (7)
 E - a wand of charming (5)
 I - a wand of acid (8)
 J - a wand of polymorph (12)
Scrolls
 a - 2 scrolls of amnesia {unknown}
 b - a scroll of blinking
 g - 2 scrolls of enchant weapon {unknown}
 h - 6 scrolls of teleportation
 j - 3 scrolls of identify
 n - a scroll of fog {unknown}
 r - 3 scrolls of enchant armour {unknown}
 y - 2 scrolls of fear {unknown}
 C - a scroll of brand weapon
Potions
 d - a potion of invisibility
 f - 2 potions of flight {unknown}
 k - 4 potions of ambrosia
 p - a potion of heal wounds
 q - 3 potions of berserk rage
 t - a potion of might {unknown}
 x - 2 potions of lignification {unknown}
 D - a potion of cancellation {unknown}
 F - a potion of curing {unknown}


   Skills:
 + Level 5.9 Fighting
 + Level 5.0 Long Blades
 + Level 4.4 Throwing
 + Level 4.7 Dodging
 - Level 4.0 Shields
 + Level 4.7 Spellcasting
 + Level 5.7 Translocations
 + Level 4.4 Invocations


You had one spell level left.
You knew the following spells:

 Your Spells              Type           Power      Damage    Failure   Level
a - Blink                 Tloc           N/A        N/A       2%          2
b - Gell's Gravitas       Tloc           11%        N/A       4%          3
c - Lesser Beckoning      Tloc           22%        N/A       4%          3
d - Teleport Other        Tloc           22%        N/A       4%          3
e - Manifold Assault      Tloc           22%        N/A       38%         5

Your spell library contained the following spells:

 Spells                   Type           Power      Damage    Failure   Level
 Freeze                   Ice            12%        1d4       16%         1
 Shock                    Conj/Air       12%        1d3       16%         1
 Slow                     Hex            3%         N/A       24%         2
 Confusing Touch          Hex            3%         N/A       43%         3
 Frozen Ramparts          Ice            6%         1d2       43%         3
 Swiftness                Air            3%         N/A       43%         3
 Vampiric Draining        Necr           1%         2d6       43%         3
 Summon Forest            Summ/Tloc      6%         N/A       80%         5
 Airstrike                Air            1%         N/A       83%         4
 Hailstorm                Conj/Ice       3%         3d3       83%         4
 Eringya's Noxious Bog    Tmut/Pois      1%         N/A       100%        6
 Summon Hydra             Summ           1%         N/A       100%        7


Dungeon Overview and Level Annotations

Branches:
Dungeon (9/15)             Temple (1/1) D:4            Lair (0/6) D:8
    Orc (0/2) D:9

Altars:
Ashenzari
Cheibriados
Dithmenos
Elyvilon
Fedhas
Gozag
Hepliaklqana
Kikubaaqudgha
Makhleb
Okawaru
Qazlal
Ru
Sif Muna
Trog
Uskayaw
Vehumet
Wu Jian
Xom
Yredelemnul
Zin
The Shining One

Annotations:
D:8 2 runed translucent doors, MikuNakano's ghost, novice BaIE


Innate Abilities, Weirdness & Mutations

Your life essence is reduced to manifest your ancestor. (-10% HP)
You can breathe waves of freezing cold which knock back foes.
Your icy white scales are hard. (AC +7)
You cannot fit into any form of body armour.
Your flesh is cold resistant. (rC+)
You are cold-blooded and may be slowed by cold attacks.


Message History

Maendfuq hits the orc with a +0 dagger of draining.
The orc dies!
No target in view!
No target in view!
An orc warrior comes into view. It is wielding a +0 flail.
An orc warrior is nearby!
An orc warrior is nearby!
An orc warrior is nearby!
An orc warrior is nearby!
An orc comes into view. It is wielding a +0 short sword.
The orc warrior shouts!
You hear a shout! x2
A centaur warrior comes into view.
An orc priest comes into view. It is wielding a +0 trident.
You completely miss the orc warrior. The orc warrior barely misses you.
You block the orc's attack.
The orc warrior hits you with a +0 flail.
You barely miss the orc warrior.
Maendfuq hits the orc warrior but does no damage.
Maendfuq drains the orc warrior.
The orc hits you but does no damage. The orc warrior completely misses you.
Unknown command.
Maendfuq gestures at the orc warrior while chanting.
The orc warrior resists with significant effort.
Maendfuq hits the orc with a +0 dagger of draining!
The orc dies!
Found 2 throwing nets.
You have got your breath back.
The centaur warrior wields a +0 shortbow.
The centaur warrior shoots an arrow.
The arrow hits you!!
Maendfuq hits the centaur warrior but does no damage.
The centaur warrior shoots an arrow.
The arrow hits you!
* * * LOW HITPOINT WARNING * * *
Something hits Maendfuq!
A howler monkey comes into view.
The centaur warrior shoots an arrow.
The arrow hits you!
* * * LOW HITPOINT WARNING * * *
Maendfuq closely misses the centaur warrior.
Something hits Maendfuq!
The centaur warrior shoots an arrow.
The arrow hits you!
You die...

..........#.# #
...>........# .# .
............###.## .h
.......R...)....?.
.......o..)..).[.....
.......oc..).......
#.##.#######cR.......
#..
#.....>..............
##..
...(...@..##)........
#.. ##
###.#.###.##.........
..## ...
..###....##.........
...# #.#
#.#.###.......>....
##.# #.###.##
#..#?....#### ##.###
#.#...###..##....#
##.##.#
#.........###.#.#
##.# #.# #.#...###.##
##... ##.#
#.#.###.####.# ###


You could see the friendly Maendfuq the hexer, a centaur warrior and a howler
monkey (wandering).

Vanquished Creatures
  A two-headed ogre (D:8)
  A wyvern (D:8)
  A water moccasin (D:7)
  2 ice beasts (D:7)
  A hornet zombie (D:5)
  A sky beast (D:5)
  An ogre (D:5)
  3 centaurs
  3 bullfrogs
  A gnoll sergeant (D:6)
  A wyvern skeleton (D:7)
  A howler monkey (D:7)
  A centaur zombie (D:5)
  An orc priest (D:6)
  2 centaur skeletons (D:7)
  A hound (D:5)
  A gnoll shaman (D:6)
  An iguana (D:4)
  6 orc wizards
  8 gnolls
  4 adders
  A worm (D:2)
  4 dart slugs
  17 orcs
  12 ball pythons
  2 bat zombies (D:6)
  8 endoplasms
  4 giant cockroaches
  13 goblins
  5 hobgoblins
  5 jackals
  15 kobolds
  A quokka (D:1)
  4 bats
  A frilled lizard (D:2)
  A quokka skeleton (D:4)
  5 rats
  3 rat zombies (D:6)
143 creatures vanquished.

Vanquished Creatures (collateral kills)
  A water moccasin (D:6)
  An orc warrior (D:9)
  A black bear (D:5)
  A kobold brigand (D:8)
  A scorpion (D:6)
  A jelly (D:6)
  An orc priest (D:9)
  An orc wizard (D:6)
  An adder (D:6)
  A gnoll (D:6)
  A white imp (D:7)
  A dart slug (D:5)
  2 orcs (D:9)
  A kobold (D:8)
15 creatures vanquished.

Vanquished Creatures (others)
  An ancestor (D:6)
  A fungus (D:1)
  4 plants (D:3)
6 creatures vanquished.

Grand Total: 164 creatures vanquished

Notes
Turn   | Place    | Note
-------+----------+-------------------------------------------
     0 | D:1      | siradein the Draconian Warper began the quest for the Orb.
     0 | D:1      | Reached XP level 1. HP: 17/17 MP: 3/3
   148 | D:1      | Reached skill level 1 in Throwing
   278 | D:1      | Reached XP level 2. HP: 25/25 MP: 5/5
   288 | D:1      | Learned a level 2 spell: Blink
   603 | D:1      | Reached XP level 3. HP: 27/30 MP: 6/6
  1089 | D:2      | Learned a level 3 spell: Gell's Gravitas
  1693 | D:2      | Reached XP level 4. HP: 32/37 MP: 7/7
  2229 | D:3      | Found a faded altar of an unknown god.
  3572 | D:3      | Reached XP level 5. HP: 45/45 MP: 9/9
  4697 | D:4      | Found a staircase to the Ecumenical Temple.
  4702 | Temple   | Entered the Ecumenical Temple
  5018 | Temple   | Became a worshipper of Hepliaklqana the Forgotten
  5612 | D:5      | Entered Level 5 of the Dungeon
  5817 | D:5      | Noticed a sky beast
  5861 | D:5      | Killed a sky beast
  5862 | D:5      | Reached skill level 1 in Shields
  5862 | D:5      | Reached XP level 6. HP: 31/51 MP: 1/10
  6085 | D:5      | Reached * piety under Hepliaklqana
  6116 | D:5      | Reached skill level 1 in Invocations
  6341 | D:5      | Your scales start taking on an icy white colour.
  6341 | D:5      | Reached XP level 7. HP: 19/52 MP: 11/11
  6341 | D:5      | Gained mutation: Your flesh is cold resistant. (rC+) [White
                  | Draconian growth]
  7690 | D:6      | Reached ** piety under Hepliaklqana
  7691 | D:6      | Remembered your ancestor Maendfuq as a hexer
  7709 | D:6      | Reached XP level 8. HP: 54/60 MP: 13/13
  7986 | D:6      | Found an ancient bone altar of Kikubaaqudgha.
  8053 | D:7      | Found a shimmering blue altar of Sif Muna.
  8071 | D:7      | Learned a level 3 spell: Lesser Beckoning
  8075 | D:7      | Learned a level 3 spell: Teleport Other
  8398 | D:7      | Reached skill level 5 in Translocations
  8462 | D:7      | Reached skill level 5 in Fighting
  8546 | D:7      | Found a glowing golden altar of the Shining One.
  8903 | D:8      | Found a staircase to the Lair.
  8974 | D:8      | Reached XP level 9. HP: 39/66 MP: 15/15
  9143 | D:8      | Noticed a two-headed ogre
  9157 | D:8      | Killed a two-headed ogre
  9164 | D:8      | Learned a level 5 spell: Manifold Assault
  9751 | D:8      | Found a large runed translucent door.
  9751 | D:8      | Found a large runed translucent door.
  9752 | D:8      | Noticed MikuNakano's ghost (novice BaIE)
  9847 | D:8      | Found an opulent altar of Gozag.
  9847 | D:8      | Found a hide-covered altar of Uskayaw.
 10126 | D:9      | Reached skill level 5 in Long Blades
 10128 | D:9      | Found a staircase to the Orcish Mines.
 10142 | D:9      | Noticed a centaur warrior
 10151 | D:9      | Shot with an arrow by a centaur warrior

Illustrated notes

Levels and vault maps discovered:
D:1:      dpeg_cavernosity, layout_rooms, st_stairs_2, minmay_tetromino_i2
D:2:      layout_basic
D:3:      corexii_shack_village, layout_rooms, basic_ecumenical_altar
D:4:      layout_basic, minmay_temple_entry_tees
D:5:      layout_gridville, kennysheep_generic_room_12
D:6:      layout_gridville, lemuel_zombie_altar_kikubaaqudgha, st_stairs_12
D:7:      layout_rooms, amcnicky_altar_gilded, led_sif_book
D:8:      layout_cave_pools, gammafunk_temple_overflow_elements,
          lair_entry_dummy, ebering_ghost_disaster_area
D:9:      layout_loops_ring, nemelex_diamond_rough_becter, david_orc_3,
          grunt_livestock, kennysheep_crisscross, uniq_gastronok
Temple:   regret_index_temple_sphere_string

Skill      XL: |  1  2  3  4  5  6  7  8  9 |
---------------+----------------------------+-----
Throwing       | 1 2 3 4 |  4.4
Fighting       | 3 4 5 |  5.9
Long Blades    | 3 4 5 |  5.0
Shields        | 1 2 3 4 |  4.0
Spellcasting   | 3 4 |  4.7
Dodging        | 3 4 |  4.7
Translocations | 4 5 |  5.7
Invocations    | 1 2 3 4 |  4.4

Action                   |  1- 3 |  4- 6 |  7- 9 || total
-------------------------+-------+-------+-------++-------
Melee: Falchion          |   139 |   236 |       ||   375
       Tailslap          |    16 |    17 |    17 ||    50
       Long sword        |       |    25 |   134 ||   159
 Fire: Hunting sling     |       |     7 |     9 ||    16
Throw: Stone             |     6 |       |       ||     6
       Dart              |       |    28 |       ||    28
 Cast: Blink             |     1 |    16 |     4 ||    21
       Gell's Gravitas   |       |       |     7 ||     7
       Teleport Other    |       |       |     1 ||     1
Invok: Ancestor Identity |       |     1 |       ||     1
       Ancestor Life: He |       |       |     1 ||     1
 Abil: Breathe Frost     |       |       |    15 ||    15
  Use: Scroll            |       |       |     5 ||     5
       Potion            |       |       |     2 ||     2
 Stab: Sleeping          |     1 |     4 |       ||     5
       Distracted        |       |       |     1 ||     1
       Confused          |       |       |     1 ||     1
Armor: Skin              |    57 |   123 |    47 ||   227
Dodge: Dodged            |    81 |   191 |   109 ||   381
Block: Buckler           |       |    20 |    35 ||    55

Table legend: (Time is in decaauts)
 A = Elapsed time spent in this place.
 B = Non-inter-level travel time spent in this place.
 C = Inter-level travel time spent in this place.
 D = Time resting spent in this place.
 E = Time spent auto-exploring this place.
 F = Levels seen in this place.
 G = Mean time per level.
                   A        B        C        D        E       F      G
               +--------+--------+--------+--------+--------+-----+--------+
         Total |  10272 |   9480 |    792 |    901 |   6634 |  10 | 1027.2 |
       Dungeon |   9933 |   9163 |    770 |    901 |   6339 |   9 | 1103.7 |
        Temple |    338 |    316 |     22 |      0 |    295 |   1 |  338.0 |
               +--------+--------+--------+--------+--------+-----+--------+

Top non-repeatable levels by time:
     D:2: 1664 daAuts
     D:3: 1586 daAuts
     D:6: 1401 daAuts
     D:1: 1334 daAuts
     D:4: 1111 daAuts
     D:5: 1064 daAuts
     D:8: 844 daAuts
     D:7: 842 daAuts
  Temple: 338 daAuts
     D:9: 85 daAuts
